 Dungeon Crawl Stone Soup version 0.30-a0-760-g5a9884bb7c (webtiles) character file.

Game seed: 14999304665239929351

21 holysushi the Insei (level 2, -1/23 HPs)
             Began as a Vampire Monk on Feb 11, 2023.
             Slain by Jessica
             ... wielding a +1 dagger of venom
              (3 damage)
             ... on level 2 of the Dungeon.
             The game lasted 00:00:32 (728 turns).

holysushi the Insei (Vampire Monk)                   Turns: 728, Time: 00:00:33

Health: -1/23      AC:  2    Str: 10    XL:     2   Next: 62%
Magic:  2/2        EV: 13    Int: 12    God:
Gold:   56         SH:  0    Dex: 16    Spells: 1/1 levels left

rFire   . . .      SeeInvis +      - Unarmed
rCold   . . .      Faith    .    (no shield)
rNeg    . . .      Spirit   .    a - +0 robe
rPois   .          Reflect  .    (no helmet)
rElec   .          Harm     .    (no cloak)
rCorr   .          Rampage  .    (no gloves)
Will    .....                    (no boots)
Stlth   ++                       (no amulet)
HPRegen 0.43/turn                (no ring)
MPRegen 0.08/turn                (no ring)

@: lethally poisoned (-1 -> -5), flying, healing quickly
A: alive, fangs 3, see invisible, vampiric 1
a: Exsanguinate


You were on level 2 of the Dungeon.
You visited 1 branch of the dungeon, and saw 2 of its levels.

You collected 56 gold pieces.

Inventory:

Armour
 a - a +0 robe (worn)
Scrolls
 d - a scroll of identify {unknown}
 f - a scroll of blinking {unknown}
Potions
 b - a potion of ambrosia
 e - a potion of might {unknown}


   Skills:
 - Level 2.6 Fighting
 - Level 3.2 Dodging
 - Level 3.0 Stealth
 + Level 4.4 Unarmed Combat


You had one spell level left.
You didn't know any spells.
Your spell library contained the following spells:

 Spells                   Type           Power      Damage    Failure   Level
 Summon Lightning Spire   Summ/Air       0%         N/A       97%         4
 Storm Form               Tmut/Air       0%         N/A       100%        7
 Maxwell's Capacitive Co  Air            0%         ∞         100%        8


Dungeon Overview and Level Annotations

Branches:
Dungeon (2/15) Zot: 11269

Altars:

Shops:
D:1 :

Annotations:
D:2 Jessica


Innate Abilities, Weirdness & Mutations

Your natural rate of healing is accelerated.
You have razor-sharp teeth.
You have supernaturally acute eyesight. (SInv)
You are afflicted with vampirism.


Message History

You hit the kobold.
You kill the kobold!
The goblin shouts!
Jessica the Apprentice Sorceress comes into view.
She is wielding a +1 dagger of venom and wearing a +2 robe of willpower.
The goblin hits you with a +0 dagger.
Jessica shouts!
The endoplasm quivers.
You hit the goblin. You bite the goblin.
You kill the goblin!
The endoplasm freezes you.
You are frozen.
You see here a +0 dagger.
You hit the endoplasm. You punch the endoplasm.
The endoplasm is severely wounded.
The endoplasm freezes you.
You are frozen.
You hit the endoplasm but do no damage.
The endoplasm is severely wounded.
A goblin comes into view. It is wielding a +0 dagger.
The endoplasm freezes you.
You are frozen.
You hit the endoplasm.
You kill the endoplasm!
Jessica hits you with a +1 dagger of venom.
You are poisoned.
A giant cockroach comes into view.
You hit Jessica but do no damage.
You feel very sick.
An adder comes into view.
Jessica casts a spell at you. Pain shoots through your body!
* * * LOW HITPOINT WARNING * * *
You are too injured to fight recklessly!
It was a potion of flight.
You feel very buoyant.
You fly up into the air.
* * * LOW HITPOINT WARNING * * *
You feel sick.
Jessica hits you with a +1 dagger of venom.
You die...

#. ##..# #..
#...#######
#...#.........#
#...#?........#
...............
...............
...............
. #?..@.....S.
.. ##....@.$...#
#.##............
#.......)...g...
#.#..<.##.###B..
#...#...#.# ..
..>.....#.#.# .
..<####...... S.
....#..


You could see an adder (wandering), Jessica, a giant cockroach and a goblin.

Vanquished Creatures
  5 bats (D:1)
  3 endoplasms
  A giant cockroach (D:1)
  2 goblins
  A hobgoblin (D:1)
  2 kobolds
  A ball python (D:1)
  3 rats (D:1)
18 creatures vanquished.

Notes
Turn   | Place    | Note
-------+----------+-------------------------------------------
     0 | D:1      | holysushi the Vampire Monk began the quest for the Orb.
     0 | D:1      | Reached XP level 1. HP: 17/17 MP: 1/1
   177 | D:1      | Reached XP level 2. HP: 23/23 MP: 2/2
   270 | D:1      | Reached skill level 4 in Unarmed Combat
   271 | D:1      | Found Oxan Lung's Book Boutique.
   391 | D:1      | Found a faded altar of an unknown god.
   721 | D:2      | Noticed Jessica
   728 | D:2      | Slain by Jessica

Illustrated notes

Levels and vault maps discovered:
D:1:      mrwooster_arrival_statue_3, layout_loops_cross,
          shapermc_ecumenical_altar_hornbeckon, serial_shops,
          nicolae_shop_advertising_works [nicolae_subvault_shop_adworks]
D:2:      layout_rooms, uniq_robin, uniq_jessica

Skill      XL: |  1  2 |
---------------+-------+-----
Unarmed Combat | 4 |  4.4
Fighting       | |  2.6
Dodging        | |  3.2
Stealth        | |  3.0

Action                     || total
---------------------------++-------
  Melee: Unarmed           ||    37
         Bite              ||     3
         Punch             ||     1
    Use: Potion            ||     1
   Stab: Sleeping          ||     5
 Armour: Robe              ||     4
  Dodge: Dodged            ||    29

Table legend: (Time is in decaauts)
 A = Elapsed time spent in this place.
 B = Non-inter-level travel time spent in this place.
 C = Inter-level travel time spent in this place.
 D = Time resting spent in this place.
 E = Time spent auto-exploring this place.
 F = Levels seen in this place.
 G = Mean time per level.
                   A        B        C        D        E       F      G
               +--------+--------+--------+--------+--------+-----+--------+
         Total |    729 |    710 |     19 |      0 |    595 |   2 |  364.5 |
       Dungeon |    729 |    710 |     19 |      0 |    595 |   2 |  364.5 |
               +--------+--------+--------+--------+--------+-----+--------+

Top non-repeatable levels by time:
     D:1: 718 daAuts
     D:2: 11 daAuts
